 Dungeon Crawl Stone Soup version 0.23-a0-650-ga4d50d4 (webtiles) character file.

2555 Lilu the Destroyer (level 9, -1/51 HPs)
             Began as a Deep Elf Conjurer on Jan 6, 2019.
             Was a Priest of Vehumet.
             Slain by a gnoll
             ... wielding a +0 spear
              (3 damage)
             ... on level 7 of the Dungeon.
             The game lasted 00:31:03 (9097 turns).

Lilu the Destroyer (Deep Elf Conjurer)              Turns: 9097, Time: 00:31:04

Health: -1/51      AC:  7    Str:  6    XL:     9   Next: 31%
Magic:  23/23      EV: 16    Int: 23    God:    Vehumet [***...]
Gold:   290        SH:  0    Dex: 15    Spells: 16/24 levels left

rFire    . . .     SeeInvis .   h - +2 dagger (venom)
rCold    . . .     Gourm    .   (no shield)
rNeg     . . .     Faith    .   q - +0 troll leather armour {Purgy}
rPois    .         Spirit   .   o - +1 helmet
rElec    .         Reflect  .   (no cloak)
rCorr    .         Harm     .   (no gloves)
MR       .....                  m - +0 pair of boots
Stlth    ++........             (no amulet)
HPRegen  0.57/turn              (no ring)
MPRegen  0.18/turn              (no ring)

@: no status effects
A: no striking features
a: Renounce Religion


You were on level 7 of the Dungeon.
You worshipped Vehumet.
Vehumet was most pleased with you.
You were not hungry.

You visited 1 branch of the dungeon, and saw 8 of its levels.
You also visited: Sewer.

You collected 290 gold pieces.

Inventory:

Hand Weapons
 h - a +2 dagger of venom (weapon)
 u - a +3 spear
Armour
 m - a +0 pair of boots (worn)
 o - a +1 helmet (worn)
 q - a +0 troll leather armour (worn) {Purgy}
Wands
 r - a wand of scattershot (5)
 w - a wand of flame (18)
 C - a wand of acid (7)
Scrolls
 a - 3 scrolls of remove curse
 b - 2 scrolls of blinking
 f - 2 scrolls of immolation
 j - 2 scrolls of amnesia
 s - a scroll of magic mapping
 t - a scroll of enchant armour
 y - 3 scrolls of teleportation
 A - a scroll of summoning {unknown}
 B - 4 scrolls of identify
Potions
 d - 7 potions of mutation
 e - 2 potions of lignification {unknown}
 g - a potion of ambrosia {unknown}
 i - a potion of invisibility {unknown}
 k - 9 potions of curing {unknown}
 l - 4 potions of might {unknown}
 n - 2 potions of agility {unknown}
 p - a potion of degeneration {unknown}
 v - a potion of resistance {unknown}
 x - 2 potions of flight {unknown}
 z - a potion of heal wounds {unknown}
Comestibles
 c - 17 rations
 D - 10 chunks of flesh


   Skills:
 + Level 3.2 Fighting
 + Level 8.5 Dodging
 - Level 2.5 Stealth
 + Level 8.2 Spellcasting
 + Level 8.7 Conjurations
 - Level 5.0 Hexes


You had 16 spell levels left.
You knew the following spells:

 Your Spells              Type           Power        Failure   Level  Hunger
a - Magic Dart            Conj           ####         1%          1    None
b - Searing Ray           Conj           #####.       1%          2    None
c - Fulminant Prism       Conj/Hex       #####.....   1%          4    ###....
d - Apportation           Tloc           #.....       11%         1    None

Your spell library contained the following spells:

 Spells                   Type           Power        Failure   Level  Hunger
 Stone Arrow              Conj/Erth      ####..       1%          3    None
 Confusing Touch          Hex            ####..       1%          1    None
 Dazzling Spray           Conj/Hex       #####.       1%          3    None
 Iskenderun's Mystic Bla  Conj           #####...     1%          4    ###....
 Force Lance              Conj/Tloc      ####....     5%          4    ###....
 Animate Skeleton         Necr           N/A          11%         1    None
 Summon Small Mammal      Summ           #...         11%         1    None


Dungeon Overview and Level Annotations

Branches:
Dungeon (8/15)             Temple (0/1) D:5
   Lair: D:8-11

Altars:
Makhleb
Qazlal
Ru
Sif Muna
Trog
Uskayaw
Vehumet
Wu Jian
Yredelemnul
The Shining One


Message History

You start resting.
Eating one of 11 chunks of flesh.
You eat one of the 11 chunks of flesh.
This raw flesh tastes terrible.
HP restored.
You start resting.
Magic restored.
You climb downwards.
The centaur shoots an arrow.
The arrow hits you! The gnoll hits you with a +0 spear.
The ogre barely misses you.
There is a stone staircase leading up, spattered with blood here.
You see here 2 arrows.
The centaur shoots an arrow.
The arrow hits you! The gnoll hits you with a +0 spear.
The ogre closely misses you.
The centaur shoots an arrow.
The arrow hits you.
You climb upwards.
There is a stone staircase leading down here.
The gnoll hits you with a +0 spear.
The ogre hits you with a +0 giant club!!
* * * LOW HITPOINT WARNING * * *
The gnoll closely misses you.
The gnoll hits you from afar with a +0 spear.
You die...

#..........# #.........####..#
#####......# #..............###
####...# ###.#####..#......
##.## ##'## #######... #.#
##...## #..#..#... ##.#
##...>.###..#..#.## ##..#
##..g....##.....+._#
##...####....O....#....#####
####.....)))รท.@......'.....'..#
#.......####.........#..#..#.##
#.#####.# ##.......##..#..#...
#.# #.# ##.....#########... #.#
#.# ##...## #..#...... #.# #.#
##'## #......### #.#####.# #)#
#.######.. #.......# #.#
#......... ####.#### ##.##
###.####..


You could see an ogre and a gnoll.

Vanquished Creatures
  Eustachio (D:4)
  Purgy (Sewer)
  A sky beast (D:5)
  A black bear (D:7)
  An ice beast (D:7)
  A phantom (D:7)
  4 ogres
  A centaur (D:6)
  5 bullfrogs
  3 scorpions (D:5)
  3 howler monkeys
  5 crimson imps
  3 hounds
  5 orc priests
  An orc wizard (D:7)
  A gnoll shaman (D:5)
  Ijyb (D:4)
  An iguana (D:7)
  A worker ant (D:4)
  A hound zombie (D:5)
  14 adders
  10 gnolls
  2 river rats (D:5)
  A shadow imp (D:5)
  2 oozes
  An adder zombie (D:6)
  A worm (D:2)
  2 dart slugs
  5 leopard geckos
  16 orcs
  A ball python (D:5)
  6 giant cockroaches
  6 goblins
  12 hobgoblins
  24 jackals
  10 kobolds
  5 quokkas
  5 bats (D:5)
  4 frilled lizards
  A leopard gecko zombie (D:5)
  6 rats
175 creatures vanquished.

Vanquished Creatures (others)
  3 fulminant prisms
  3 fungi (D:5)
6 creatures vanquished.

Grand Total: 181 creatures vanquished

Notes
Turn   | Place    | Note
-------+----------+-------------------------------------------
     0 | D:1      | Lilu the Deep Elf Conjurer began the quest for the Orb.
     0 | D:1      | Reached XP level 1. HP: 10/10 MP: 6/6
   274 | D:1      | Reached XP level 2. HP: 15/15 MP: 4/8
   884 | D:1      | Reached XP level 3. HP: 19/19 MP: 5/10
  1706 | D:2      | Found a stormy altar of Qazlal.
  1842 | D:2      | Reached skill level 5 in Conjurations
  2002 | D:2      | Reached XP level 4. HP: 22/24 MP: 6/12
  2218 | D:2      | Found a radiant altar of Vehumet.
  2222 | D:2      | Became a worshipper of Vehumet
  2639 | D:3      | Learned a level 2 spell: Searing Ray
  2644 | D:3      | Learned a level 4 spell: Fulminant Prism
  2707 | D:3      | You fall through a shaft for 2 floors!
  2707 | D:5      | Entered Level 5 of the Dungeon
  2974 | D:5      | Found a glowing drain.
  2981 | D:5      | Reached XP level 5. HP: 28/28 MP: 11/14
  3062 | Sewer    | Entered a sewer
  3077 | Sewer    | Reached * piety under Vehumet
  3077 | Sewer    | Offered knowledge of Shock by Vehumet.
  3142 | Sewer    | Noticed Purgy
  3163 | Sewer    | Killed Purgy
  3163 | Sewer    | Reached skill level 5 in Spellcasting
  3379 | D:4      | Found a hide-covered altar of Uskayaw.
  3379 | D:4      | Found a sacrificial altar of Ru.
  3382 | D:4      | Found a bloodstained altar of Trog.
  3450 | D:5      | Reached skill level 1 in Hexes
  3450 | D:5      | Reached XP level 6. HP: 32/32 MP: 9/16
  3621 | D:5      | Reached skill level 5 in Dodging
  3885 | D:5      | Reached XP level 7. HP: 36/36 MP: 16/18
  4427 | D:5      | Found a glowing golden altar of the Shining One.
  4604 | D:5      | Found a staircase to the Ecumenical Temple.
  4948 | D:4      | Reached ** piety under Vehumet
  4994 | D:4      | Offered knowledge of Flame Tongue by Vehumet.
  5045 | D:4      | Noticed Eustachio
  5070 | D:4      | Killed Eustachio
  5070 | D:4      | Reached XP level 8. HP: 41/41 MP: 3/21
  5299 | D:4      | Noticed Ijyb
  5309 | D:4      | Killed Ijyb
  5516 | D:4      | Found an ornate altar of the Wu Jian Council.
  5719 | D:4      | Found a basalt altar of Yredelemnul.
  6063 | D:3      | Found a deep blue altar of Sif Muna.
  6444 | D:3      | Offered knowledge of Static Discharge by Vehumet.
  7153 | D:6      | Reached skill level 1 in Fighting
  7463 | D:6      | Reached *** piety under Vehumet
  7650 | D:6      | Found a burning altar of Makhleb.
  8011 | D:7      | Reached skill level 5 in Hexes
  8093 | D:7      | Reached XP level 9. HP: 49/49 MP: 20/23
  8307 | D:7      | Learned a level 1 spell: Apportation
  8435 | D:7      | Offered knowledge of Stone Arrow by Vehumet.
  8638 | D:7      | Found a sacrificial altar of Ru.
  9095 | D:7      | HP: 1/51 [ogre/+0 giant club (24)]
  9097 | D:7      | Slain by a gnoll

Vault maps used:
D:1:      tarquinn_simple_flora_water_a, kennysheep_boxes
D:2:      grunt_qazlal_clouds, overflow_temple_1_default
D:3:      lemuel_blue_sif_altar, first_ration, kennysheep_generic_room_8
D:4:      nicolae_overflow_hidden_temple, old_standard_altar,
          yredelemnul_altar_generic, uniq_eustachio, uniq_ijyb
D:5:      old_forge, tso_metal_star, lemuel_temple_firewalk_b,
          gup_sewer_entry_bubbles, kennysheep_diamond,
          hangedman_abyss_or_decor_passed
D:6:      marbit_many_paths, hangedman_glass_teeth
D:7:      hangedman_ru_absence
D:8:      nicolae_overflow_crystal_walls, david_lair_shrubbed, grunt_pizzeria,
          chequers_arboretum
Sewer:    sewer_the_crocodile

Skill      XL: |  1  2  3  4  5  6  7  8  9 |
---------------+----------------------------+-----
Dodging        | 3 4 5 6 7 8 |  8.5
Spellcasting   | 4 5 6 7 8 |  8.2
Conjurations   | 5 6 7 8 |  8.7
Hexes          | 1 2 4 5 |  5.0
Fighting       | 2 3 |  3.2
Stealth        | |  2.5

Action                   |  1- 3 |  4- 6 |  7- 9 || total
-------------------------+-------+-------+-------++-------
Melee: Dagger            |    14 |    43 |   145 ||   202
 Cast: Magic Dart        |    76 |    30 |   128 ||   234
       Searing Ray       |       |    13 |    27 ||    40
       Fulminant Prism   |       |       |     3 ||     3
  Use: Scroll            |       |     7 |     4 ||    11
 Stab: Sleeping          |       |     1 |     4 ||     5
       Held in net/web   |       |       |     1 ||     1
  Eat: Chunk             |     3 |     6 |    17 ||    26
Armor: Robe              |     2 |    13 |       ||    15
       Troll leather arm |       |     2 |    75 ||    77
Dodge: Dodged            |    13 |    60 |   226 ||   299

Table legend:
 A = Non-vault XP
 B = Vault XP
 C = Vault XP percentage of total XP
 D = Non-vault monster count
 E = Vault monster count
 F = Vault count percentage of total count
                 A         B        C        D         E       F
            +---------+---------+-------+---------+---------+-------
      Total |    2829 |     821 |  22.5 |     147 |      28 |  16.0
            +---------+---------+-------+---------+---------+-------
        D:1 |      48 |       0 |   0.0 |      17 |       0 |   0.0
        D:2 |      65 |       0 |   0.0 |      26 |       0 |   0.0
        D:3 |      85 |       2 |   2.3 |      16 |       1 |   5.9
        D:4 |     209 |     253 |  54.8 |      17 |       2 |  10.5
        D:5 |     722 |     314 |  30.3 |      20 |      18 |  47.4
        D:6 |     437 |     108 |  19.8 |      17 |       1 |   5.6
        D:7 |    1263 |       0 |   0.0 |      34 |       0 |   0.0
      Sewer |       0 |     144 | 100.0 |       0 |       6 | 100.0
            +---------+---------+-------+---------+---------+-------
